 Dungeon Crawl Stone Soup version 5.6-49-g8abd877 (webtiles) character file.

89 HarryHood the Basher (level 13, -23/84 HPs) *CASUAL*
             Began as a Gargoyle Fighter on Oct 11, 2018.
             Was an Elder of Qazlal.
             Killed from afar by a frost giant (41 damage)
             ... with a bolt of cold
             ... on level 10 of the Dungeon.
             The game lasted 00:40:51 (8806 turns).

HarryHood the Basher (Gargoyle Fighter)             Turns: 8806, Time: 00:40:51

Health: -23/84     AC: 25 (50%)Str: 23  XL:     13   Next: 16%
Magic:  18/18      EV:  5    Int: 10    God:    Qazlal [4*[115]]
Gold:   602        SH: 26    Dex: 10    Spells: 19/19 levels left

rFire    . . .     SeeInvis .   a - +3 flail (freeze)
rCold    . . .     Faith    .   c - +1 shield
rNeg     + . .     Spirit   .   l - +0 plate armour
rPois    ∞         Reflect  .   t - +0 helmet
rElec    +                      (no cloak)
rCorr    .                      m - +1 pair of gloves
MR       +....                  k - +0 pair of boots
Stlth    ..........             (no amulet)
Regen    0.3/turn               y - ring of protection from magic
MPRegen  0.3/turn               A - +3 ring of slaying

@: repel missiles
A: negative energy resistance 1, electricity resistance, unbreathing,
petrification resistance, rot immunity, AC +9
a: Upheaval, Cloud Surge, Renounce Religion


You were on level 10 of the Dungeon.
You worshipped Qazlal.
Qazlal was greatly pleased with you.
You were not hungry.

You visited 1 branch of the dungeon, and saw 10 of its levels.
You also visited: Sewer.

You collected 602 gold pieces.

Inventory:

Hand Weapons
 a - a +3 flail of freezing (weapon)
Missiles
 u - 4 poisoned tomahawks (quivered)
Armour
 c - a +1 shield (worn)
 k - a +0 pair of boots (worn)
 l - a +0 plate armour (worn)
 m - a +1 pair of gloves (worn)
 o - the +2 buckler of Giocruil {rCorr Int+6}
   (You found it on level 4 of the Dungeon)

   It affects your intelligence (+6).
   It protects you from acid and corrosion.
 s - the +3 ring mail of Deczej {rN+ Str+3 Stlth+}
   (You found it on level 8 of the Dungeon)

   It affects your strength (+3).
   It protects you from negative energy.
   It makes you more stealthy.
 t - a +0 helmet (worn)
Jewellery
 y - a ring of protection from magic (left hand)
 A - a +3 ring of slaying (right hand)
Scrolls
 i - 4 scrolls of teleportation {@r0}
 j - 3 scrolls of blinking {@r7}
 r - 2 scrolls of fear
 v - a scroll of summoning
 w - a scroll of silence
 x - a scroll of fog
Potions
 b - 2 potions of invisibility
 d - 2 potions of augmentation
 e - a potion of mutation
 f - 2 potions of resistance
 h - 2 potions of lignification
 n - 2 potions of cancellation
 p - 3 potions of magic
 q - a potion of ambrosia
 z - a potion of haste


   Skills:
 + Level 11.2 Fighting
 * Level 13.3 Maces & Staves
 - Level 3.2 Armour
 - Level 9.3 Shields
 + Level 12.7 Invocations


You had 19 spell levels left.
You didn't know any spells.
Your spell library contained the following spells:

 Spells                   Type           Power        Failure   Level  Hunger
 Apportation              Tloc           0 (1000)     100%        1    N/A
 Invisibility             Hex            0 (200)      100%        7    N/A
 Olgreb's Toxic Radiance  Hex            0 (100)      100%        5    N/A
 Tukima's Dance           Hex            0 (100)      100%        3    N/A
 Iron Shot                Erth           0 (200)      100%        6    N/A
 Statue Form              Tmut/Erth      0 (150)      100%        6    N/A
 Deflect Missiles         Chrm/Air       0 (200)      100%        6    N/A
 Airstrike                Air            0 (200)      100%        4    N/A
 Summon Butterflies       Summ           0 (100)      100%        1    N/A
 Silence                  Hex/Air        0 (200)      100%        4    N/A
 Shatter                  Erth           0 (200)      100%        9    N/A
 Alistair's Intoxication  Tmut           0 (100)      100%        5    N/A
 Conjure Ball Lightning   Air            0 (200)      100%        7    N/A
 Orb of Destruction       Erth           0 (200)      100%        7    N/A
 Tornado                  Air            0 (200)      100%        9    N/A
 Leda's Liquefaction      Hex/Erth       0 (200)      100%        4    N/A
 Summon Hydra             Summ           0 (200)      100%        7    N/A
 Summon Forest            Summ/Tloc      0 (200)      100%        5    N/A
 Summon Lightning Spire   Summ/Air       0 (100)      100%        4    N/A
 Hydra Form               Tmut           0 (200)      100%        6    N/A
 Lesser Beckoning         Tloc           0 (100)      100%        3    N/A

Dungeon Overview and Level Annotations

Branches:
Dungeon (10/15)

Altars:
Cheibriados
Dithmenos
Elyvilon
Gozag
Jiyva
Kikubaaqudgha
Lugonu
Makhleb
Nemelex Xobeh
Okawaru
Qazlal
Ru
Sif Muna
Trog
Uskayaw
Vehumet
Wu Jian
Xom
Yredelemnul
Zin
The Shining One


Innate Abilities, Weirdness & Mutations

You are resistant to torment.
Your stone body is resilient. (AC +9)
You are immune to poison.
You resist negative energy. (rN+)
You are resistant to electric shocks. (rElec)
You can survive without breathing.
You are immune to petrification.
You are immune to rotting.


Message History

The frost giant gestures at you while chanting.
The bolt of cold hits you!
That hurt (48)!
Ouch! That really hurt!
You take 48 damage, and have 31/84 hp.
MASSIVE DAMAGE!!
You hit the frost giant (5). You sock the frost giant (7)!
The frost giant hits you with a +0 battleaxe of freezing (9)!
* * * LOW HITPOINT WARNING * * *
The frost giant freezes you (5).
* * * LOW HITPOINT WARNING * * *
You take 14 damage, and have 17/84 hp.
Aim: a frost giant, wielding a +0 battleaxe of freezing (heavily wounded) That beam is likely to hit you.
Continue anyway?
Okay, then.
You bludgeon the frost giant (20)!! You block the frost giant's attack.
You thump the frost giant (7)! You thump the frost giant (12)!
The frost giant casts a spell at you. The bolt of cold hits you!
That hurt (41)!
You die...

####
▒...▒▒▒...▒.▒▒▒...▒▒▒.#
▒.▒...▒▒.▒▒..▒...▒▒ ▒..
.####
▒.▒.▒.▒...▒▒.....▒ ▒..#
....#
.▒▒▒▒▒.▒▒▒▒▒▒▒▒▒▒▒▒
▒..# ....##.▒ ▒...▒.▒▒
▒..# ....##.▒...▒.▒...▒
..# ....+..▒▒.▒.▒.▒.▒▒
....##.▒.▒.....▒.▒
....##.▒..▒.▒.▒.@▒
....##.▒.▒....§▒C▒
.......▒▒.▒.▒.▒.▒▒
######.▒...▒.▒.. #
##.▒▒.▒...▒.
#####..▒▒▒▒▒.▒▒▒
..)))..▒ .. ####...▒ ▒.
####...▒


You could see a frost giant.

Vanquished Creatures
  A stone giant (D:10)
  Erolcha (D:9)
  3 two-headed ogres
  2 ugly things
  A torpor snail (D:10)
  Grinder (D:7)
  Prince Ribbit (D:7)
  2 wyverns
  16 yaks
  A warg (shapeshifter) (D:10)
  Duvessa (D:5)
  A water moccasin (D:7)
  A spiny frog zombie (D:7)
  3 orc warriors
  A black bear (D:6)
  4 ice beasts
  A phantom (D:5)
  5 ogres
  3 centaurs
  3 bullfrogs
  A rime drake skeleton (D:10)
  Dowan (D:5)
  7 scorpions
  3 water moccasin skeletons
  6 killer bees (D:7)
  3 crimson imps
  6 wights
  7 electric eels
  3 howler monkeys
  3 jellies
  A gnoll shaman (D:6)
  3 hounds (D:5)
  2 orc priests
  5 centaur skeletons
  5 orc wizards
  3 worker ants
  An iguana (D:4)
  A hound zombie (D:7)
  A howler monkey zombie (D:6)
  3 gnolls (D:6)
  12 adders
  3 shadow imps
  6 oozes
  3 dart slugs
  15 orcs
  4 quokkas
  2 ball pythons (Sewer)
  4 giant cockroaches
  4 hobgoblins
  2 jackals (D:1)
  13 kobolds
  16 bats
  11 frilled lizards
  14 goblins
  A jackal skeleton (D:4)
  6 rats
  A spectral orc (D:5)
234 creatures vanquished.

Vanquished Creatures (others)
  An orc (D:6)
1 creature vanquished.

Grand Total: 235 creatures vanquished

Notes
Turn   | Place    | Note
-------+----------+-------------------------------------------
     0 | D:1      | HarryHood the Gargoyle Fighter began the quest for the Orb.
     0 | D:1      | Reached XP level 1. HP: 14/14 MP: 2/2
   198 | D:1      | Reached XP level 2. HP: 19/19 MP: 3/3
   351 | D:1      | Reached skill level 3 in Maces & Staves
   360 | D:1      | Reached XP level 3. HP: 22/23 MP: 4/4
   443 | D:1      | Reached skill level 4 in Maces & Staves
   608 | D:1      | Reached XP level 4. HP: 28/28 MP: 6/6
  1155 | D:2      | Found a sparkling altar of Nemelex Xobeh.
  1194 | D:2      | Reached skill level 5 in Maces & Staves
  1222 | D:2      | Found a shimmering altar of Xom.
  1225 | D:2      | Reached XP level 5. HP: 32/32 MP: 7/7
  1263 | D:2      | Noticed an air elemental
  1272 | D:2      | Found a stormy altar of Qazlal.
  1274 | D:2      | Noticed a fire elemental
  1275 | D:2      | Noticed a water elemental
  1280 | D:2      | Became a worshipper of Qazlal Stormbringer
  1385 | D:2      | Found a viscous altar of Jiyva.
  1388 | D:2      | Found an ornate altar of the Wu Jian Council.
  1391 | D:2      | Found a burning altar of Makhleb.
  1536 | D:2      | Found a faded altar of an unknown god.
  1552 | D:2      | Found a radiant altar of Vehumet.
  1580 | D:3      | Reached skill level 1 in Invocations
  1691 | D:3      | Found an ancient bone altar of Kikubaaqudgha.
  1802 | D:3      | Reached XP level 6. HP: 35/37 MP: 8/8
  1815 | D:3      | Found a hide-covered altar of Uskayaw.
  1818 | D:3      | Noticed a dagger
  1819 | D:3      | Noticed a hand axe
  1883 | D:3      | Reached skill level 6 in Maces & Staves
  1883 | D:3      | Reached skill level 2 in Invocations
  1946 | D:3      | Reached * piety under Qazlal
  1959 | D:3      | Found a glowing drain.
  1963 | Sewer    | Entered a sewer
  2099 | Sewer    | Reached skill level 4 in Fighting
  2698 | D:3      | Found a glowing golden altar of the Shining One.
  2879 | D:4      | Reached skill level 3 in Invocations
  2879 | D:4      | Reached XP level 7. HP: 44/44 MP: 10/10
  2887 | D:4      | Reached skill level 5 in Fighting
  3066 | D:4      | Reached ** piety under Qazlal
  3066 | D:4      | Reached skill level 4 in Invocations
  3075 | D:4      | Found a bloodstained altar of Trog.
  3144 | D:4      | Reached skill level 6 in Fighting
  3150 | D:4      | Found a sacrificial altar of Ru.
  3234 | D:4      | Reached XP level 8. HP: 50/51 MP: 11/11
  3236 | D:4      | Got the +2 buckler of Giocruil {rCorr Int+6}
  3672 | D:4      | Found a snail-covered altar of Cheibriados.
  3721 | D:5      | Entered Level 5 of the Dungeon
  3777 | D:5      | Reached skill level 7 in Maces & Staves
  3777 | D:5      | Reached skill level 5 in Invocations
  3939 | D:5      | Reached skill level 8 in Maces & Staves
  3995 | D:5      | Reached skill level 6 in Invocations
  4009 | D:5      | Found a basalt altar of Yredelemnul.
  4042 | D:5      | Reached XP level 9. HP: 49/55 MP: 13/13
  4071 | D:5      | Noticed Duvessa
  4072 | D:5      | Noticed Dowan
  4089 | D:5      | Killed Duvessa
  4089 | D:5      | Reached skill level 9 in Maces & Staves
  4104 | D:5      | Killed Dowan
  4190 | D:5      | Reached skill level 7 in Fighting
  4190 | D:5      | Reached skill level 7 in Invocations
  4606 | D:6      | Reached *** piety under Qazlal
  4625 | D:6      | Reached skill level 8 in Fighting
  4795 | D:6      | Found an opulent altar of Gozag.
  4851 | D:6      | Found a white marble altar of Elyvilon.
  4859 | D:6      | Found a sparkling altar of Nemelex Xobeh.
  4873 | D:6      | Found an iron altar of Okawaru.
  4990 | D:6      | Reached skill level 9 in Fighting
  4990 | D:6      | Reached skill level 8 in Invocations
  4990 | D:6      | Reached XP level 10. HP: 59/66 MP: 14/14
  5085 | D:6      | Found a corrupted altar of Lugonu.
  5170 | D:6      | Found a shadowy altar of Dithmenos.
  5441 | D:6      | Found a deep blue altar of Sif Muna.
  5513 | D:7      | Noticed Prince Ribbit
  5535 | D:7      | Killed Prince Ribbit
  5535 | D:7      | Reached skill level 4 in Shields
  5577 | D:7      | Reached skill level 5 in Shields
  5608 | D:7      | Reached skill level 6 in Shields
  5608 | D:7      | Reached skill level 9 in Invocations
  5797 | D:7      | Noticed Grinder
  5798 | D:7      | Found a glowing silver altar of Zin.
  5803 | D:7      | Paralysed by Grinder for 4 turns
  5813 | D:7      | Reached skill level 10 in Maces & Staves
  5829 | D:7      | Killed Grinder
  5829 | D:7      | Reached skill level 10 in Invocations
  5829 | D:7      | Reached XP level 11. HP: 46/71 MP: 10/15
  6674 | D:8      | Noticed a two-headed ogre
  6687 | D:8      | Killed a two-headed ogre
  6687 | D:8      | Reached skill level 11 in Maces & Staves
  6690 | D:8      | Got the +3 ring mail of Deczej {rN+ Str+3 Stlth+}
  7093 | D:8      | Reached **** piety under Qazlal
  7107 | D:8      | Reached skill level 12 in Maces & Staves
  7107 | D:8      | Reached skill level 11 in Invocations
  7495 | D:8      | Noticed a white ugly thing
  7511 | D:8      | Killed a white ugly thing
  7511 | D:8      | Reached skill level 7 in Shields
  7752 | D:9      | Reached XP level 12. HP: 69/76 MP: 17/17
  7826 | D:9      | Reached skill level 8 in Shields
  8039 | D:9      | Noticed Erolcha
  8055 | D:9      | Killed Erolcha
  8055 | D:9      | Reached skill level 10 in Fighting
  8234 | D:9      | Noticed a two-headed ogre
  8242 | D:9      | Killed a two-headed ogre
  8242 | D:9      | Reached skill level 9 in Shields
  8404 | D:10     | Entered Level 10 of the Dungeon
  8425 | D:10     | Reached skill level 12 in Invocations
  8533 | D:10     | Noticed a stone giant
  8549 | D:10     | Killed a stone giant
  8646 | D:10     | Noticed a two-headed ogre
  8661 | D:10     | Killed a two-headed ogre
  8661 | D:10     | Reached skill level 11 in Fighting
  8661 | D:10     | Reached XP level 13. HP: 21/84 MP: 11/18
  8663 | D:10     | Reached skill level 13 in Maces & Staves
  8797 | D:10     | Noticed a frost giant
  8806 | D:10     | Killed from afar by a frost giant

Skill      XL: |  1  2  3  4  5  6  7  8  9 10 11 12 13 |
---------------+----------------------------------------+-----
Maces & Staves | 3 4 5 6 8 9 10 12 13 | 13.3
Invocations    | 1 3 4 6 8 10 11 12 | 12.7
Fighting       | 4 6 9 11 | 11.2
Shields        | 6 7 9 |  9.3
Armour         | |  3.2

Action                   |  1- 3 |  4- 6 |  7- 9 | 10-12 | 13-15 || total
-------------------------+-------+-------+-------+-------+-------++-------
Melee: Flail             |   106 |   230 |   373 |   445 |    35 ||  1189
Invok: Upheaval          |       |       |       |     1 |       ||     1
       Cloud Surge       |       |       |       |     1 |       ||     1
  Use: Scroll            |       |       |       |     2 |       ||     2
       Potion            |       |       |       |       |     1 ||     1
 Stab: Distracted        |       |       |       |     2 |       ||     2
Armor: Scale mail        |    47 |   140 |       |       |       ||   187
       Plate armour      |       |    13 |   121 |   122 |     5 ||   261
Dodge: Dodged            |    29 |    80 |    23 |    36 |     1 ||   169
       Deflected         |       |       |       |       |     1 ||     1
Block: Shield            |    49 |   224 |   261 |   363 |    22 ||   919
